 Dungeon Crawl Stone Soup version 0.31-a0-640-g39d97e502b (webtiles) character file.

Game seed: 10108323152175119975

310 night the Fighter (level 6, -3/99 HPs)
             Began as a Draconian Shapeshifter on Aug 27, 2023.
             Succumbed to an orc's poison
             ... on level 3 of the Dungeon.
             The game lasted 00:04:07 (1769 turns).

night the Fighter (Draconian Shapeshifter)          Turns: 1769, Time: 00:04:07

Health: -3/99      AC: 23    Str: 18    XL:     6   Next: 17%
Magic:  6/6        EV:  2    Int: 11    God:
Gold:   98         SH:  0    Dex: 10    Spells: 5/5 levels left

rFire   . . .        p - +11 dagger of Fragile Peace {freeze, rC+ rN+}
rCold   + . .        (no shield)
rNeg    + . .        (body armour unavailable)
rPois   +            (helmet currently unavailable)
rElec   .            (cloak currently unavailable)
rCorr   .            (gloves currently unavailable)
SInv    .            j - melded +0 pair of boots
Will    .....        (no amulet)
Stlth   +            (no ring)
HPRegen 0.36/turn    (no ring)
MPRegen 0.10/turn

%: no passive effects
@: confused, lethally poisoned (-3 -> -21), tree-form
A: stationary, stasis, torment immunity, boosted hp, AC +6, unfitting armour,
(cold-blooded)
a: no special abilities


You were on level 3 of the Dungeon.
You were a tree.
You visited 1 branch of the dungeon, and saw 3 of its levels.

You collected 98 gold pieces.

Inventory:

Hand Weapons
 p - the +11 dagger of Fragile Peace (weapon) {freeze, rC+ rN+}
   (You found it on level 2 of the Dungeon)

   rC+:       It protects you from cold.
   rN+:       It protects you from negative energy.
Missiles
 d - 25 stones
 r - 2 poisoned darts
Armour
 j - a +0 pair of boots (melded)
Talismans
 b - a beast talisman
 c - a flux talisman
Scrolls
 e - a scroll of vulnerability {unknown}
 f - a scroll of teleportation {unknown}
 g - 3 scrolls of identify {unknown}
 m - a scroll of poison {unknown}
 n - a scroll of blinking {unknown}
 q - a scroll of fog {unknown}
 s - a scroll of enchant weapon {unknown}
 t - a scroll of brand weapon {unknown}
Potions
 h - a potion of brilliance {unknown}
 i - a potion of curing {unknown}
 l - a potion of mutation {unknown}
 o - a potion of haste {unknown}
 u - 2 potions of attraction {unknown}


   Skills:
 + Level 9.6 Fighting
 + Level 2.7 Dodging
 * Level 4.3 Unarmed Combat
 + Level 8.6 Shapeshifting


You had 5 spell levels left.
You didn't know any spells.
Your spell library contained the following spells:

 Spells                   Type           Power      Damage    Failure   Level
 Magic Dart               Conj           0%         1d3       34%         1
 Call Imp                 Summ           0%         N/A       47%         2
 Mephitic Cloud           Conj/Pois/Air  0%         N/A       71%         3


Dungeon Overview and Level Annotations

Branches:
Dungeon (3/15)

Altars:


Innate Abilities, Weirdness & Mutations

You are a tree.
Your roots penetrate the ground, keeping you stationary.
You cannot be teleported.
You are immune to unholy pain and torment.
Your maximum health is greatly increased.
Your equipment is partially melded.
((Your plain brown scales are hard. (AC +6)))
You cannot fit into any form of body armour.
((You are cold-blooded and may be slowed by cold attacks.))


Message History

The orc hits you but does no damage.
You're too confused to move!
You feel sick.
The orc hits you with a +1 dagger of venom.
You closely miss the orc.
You feel sick. The orc hits you but does no damage.
You are more poisoned.
You're too confused to move!
You feel very sick. The orc hits you but does no damage.
You are more poisoned.
You feel very sick.
You're too confused to move!
You feel very sick.
The orc hits you with a +1 dagger of venom.
You are lethally poisoned!
You hit the orc. You freeze the orc.
The orc is heavily wounded.
* * * LOW HITPOINT WARNING * * *
You feel very sick. The orc misses you.
You bump into the rock wall.
* * * LOW HITPOINT WARNING * * *
You feel very sick.
The orc hits you with a +1 dagger of venom.
* * * LOW HITPOINT WARNING * * *
You are more poisoned.
Your transformation has ended.
Your +0 pair of boots unmelds from your body.
You turn into a tree.
Your +0 pair of boots melds into your body.
Your roots penetrate the ground.
* * * LOW HITPOINT WARNING * * *
You feel very sick. The orc completely misses you.
It was a potion of experience.
You feel more experienced!
Your Fighting skill gained 7 levels and is now at level 9!
Your Shapeshifting skill gained 5 levels and is now at level 8!
You have reached level 6!
Your scales feel tougher.
You die...

#. #..#.## #. #....#.
#.# ## #.....# #..
.## ## #. #....#.
..#.. . #.# #..#.##
... #.#.# #..#... #)#
#.#.#####...... #o#
..........#### #♣#
##.######.# ###)#
##...#####.# #...#
#..........# #.###
##....####### #.#
##....##
#.######.###.########
#.#......# #.........
#.#.####.###.#######.
#.#.# ##)..##


You could see an orc.

Vanquished Creatures
  Jessica (D:3)
  An orc wizard (D:3)
  Robin (D:3)
  2 adders
  A dart slug (D:3)
  3 orcs (D:3)
  5 bats
  8 endoplasms
  3 giant cockroaches
  12 goblins
  9 hobgoblins
  4 jackals (D:3)
  A quokka (D:1)
  6 ball pythons
  4 frilled lizards
  6 kobolds
  3 rats
70 creatures vanquished.

Notes
Turn   | Place    | Note
-------+----------+-------------------------------------------
     0 | D:1      | night the Draconian Shapeshifter began the quest for the
                  | Orb.
     0 | D:1      | Reached XP level 1. HP: 16/16 MP: 1/1
   169 | D:1      | Reached XP level 2. HP: 19/23 MP: 2/2
   196 | D:1      | Reached skill level 2 in Dodging
   729 | D:2      | Reached XP level 3. HP: 29/29 MP: 3/3
   982 | D:2      | Reached skill level 2 in Fighting
  1005 | D:2      | Identified the +11 dagger of Fragile Peace {freeze, rC+
                  | rN+}
  1423 | D:3      | Noticed Robin
  1437 | D:3      | Reached XP level 4. HP: 30/36 MP: 4/4
  1440 | D:3      | Killed Robin
  1737 | D:3      | Noticed Jessica
  1742 | D:3      | Killed Jessica
  1757 | D:3      | Reached XP level 5. HP: 42/42 MP: 5/5
  1767 | D:3      | HP: 5/42 [poisoned by an orc]
  1768 | D:3      | HP: 1/63 [poisoned by an orc]
  1769 | D:3      | Reached skill level 9 in Fighting
  1769 | D:3      | Reached XP level 6. HP: 1/66 MP: 6/6
  1769 | D:3      | Succumbed to an orc's poison

Illustrated notes

Levels and vault maps discovered:
D:1:      amcnicky_arrival_choice, layout_rooms, minmay_tiny_reverse_x
D:2:      minmay_chambers_of_ones, layout_loops_ring, minmay_misc_feat_roman,
          minmay_pentomino_s2
D:3:      layout_loops_ring, minmay_distorted, uniq_robin, uniq_jessica,
          uniq_ijyb, uniq_crazy_yiuf_cottage

Skill      XL: |  1  2  3  4  5 |
---------------+----------------+-----
Dodging        | 2 |  2.7
Fighting       | 2 9 |  9.6
Unarmed Combat | 4 |  4.3
Shapeshifting  | 8 |  8.6

Action                     |  1- 3 |  4- 6 || total
---------------------------+-------+-------++-------
  Melee: Unarmed           |    90 |       ||    90
         Tailslap          |    10 |     2 ||    12
         Punch             |     1 |       ||     1
         Dagger            |    26 |    29 ||    55
Ability: Begin Untransform |     1 |       ||     1
    Use: Potion            |       |     2 ||     2
   Stab: Sleeping          |     2 |       ||     2
 Armour: Skin              |    34 |    10 ||    44
  Dodge: Dodged            |    70 |    24 ||    94
   Form: Beast             |     1 |       ||     1

Table legend: (Time is in decaauts)
 A = Elapsed time spent in this place.
 B = Non-inter-level travel time spent in this place.
 C = Inter-level travel time spent in this place.
 D = Time resting spent in this place.
 E = Time spent auto-exploring this place.
 F = Levels seen in this place.
 G = Mean time per level.
                   A        B        C        D        E       F      G
               +--------+--------+--------+--------+--------+-----+--------+
         Total |   1762 |   1728 |     34 |      0 |   1317 |   3 |  587.3 |
       Dungeon |   1762 |   1728 |     34 |      0 |   1317 |   3 |  587.3 |
               +--------+--------+--------+--------+--------+-----+--------+

Top non-repeatable levels by time:
     D:2: 704 daAuts
     D:1: 625 daAuts
     D:3: 432 daAuts
